 Dungeon Crawl Stone Soup version 0.30-a0-587-gfd7c166f36 (webtiles) character file.

Game seed: 10699352376293564910

25174 Citaku the Tortoise (level 12, -7/113 HPs)
             Began as a Minotaur Fighter on Jan 4, 2023.
             Was an Initiate of Ashenzari.
             Mangled by a two-headed ogre
             ... wielding a +0 giant club
              (11 damage)
             ... while paralysed by an ogre mage
             ... on level 2 of the Orcish Mines.
             The game lasted 00:33:09 (14285 turns).

Citaku the Tortoise (Minotaur Fighter)             Turns: 14285, Time: 00:33:10

Health: -7/113     AC: 21    Str: 24    XL:     12   Next: 87%
Magic:  11/11      EV:  2    Int:  7    God:    Ashenzari [......]
Gold:   1868       SH:  0    Dex: 18    Spells: 11/11 levels left

rFire   + . .      SeeInvis .    x - +6 war axe (heavy)
rCold   . . .      Faith    .    o - +4 kite shield
rNeg    . . .      Spirit   .    f - +0 plate armour
rPois   .          Reflect  .    (helmet restricted)
rElec   .          Harm     .    w - +2 cloak of Defence {Dex+4}
rCorr   .          Rampage  .    (no gloves)
Will    +....                    (no boots) Stlth
                                 (no amulet)
HPRegen 0.38/turn                c - ring of protection from fire
MPRegen 0.12/turn                s - ring of Ybanamit {Will+ EV+5 Dex+4}

@: paralysed
A: horns 2, retaliatory headbutt, wild magic 1
a: Renounce Religion, Curse Item


You were on level 2 of the Orcish Mines.
You worshipped Ashenzari.
Ashenzari was noncommittal.
You visited 3 branches of the dungeon, and saw 15 of its levels.
You also visited: Ossuary and Volcano.

You collected 1869 gold pieces.
You spent 1 gold pieces at shops.

Inventory:

Hand Weapons
 h - a +2 demon whip of flaming
 x - a +6 heavy war axe (weapon)
Missiles
 D - a throwing net (quivered)
Armour
 f - a +0 plate armour (worn)
 o - a +4 kite shield (worn)
 w - the +2 cloak of Defence (worn) {Dex+4}
   (You found it on level 5 of the Dungeon)

   Dex:       It affects your dexterity (+4).
Jewellery
 c - a ring of protection from fire (left hand)
 s - the ring of Ybanamit (right hand) {Will+ EV+5 Dex+4}
   (You found it on level 4 of the Dungeon)

   [ring of evasion]

   EV:        It affects your evasion (+5).
   Dex:       It affects your dexterity (+4).
   Will:      It increases your willpower.
 y - a ring of protection from cold
Wands
 d - a wand of flame (8)
 i - a wand of polymorph (11)
 u - a wand of paralysis (8)
 z - a wand of roots (10)
 E - a wand of digging (5)
Scrolls
 b - a scroll of silence
 g - 3 scrolls of immolation
 j - 5 scrolls of fog
 k - 2 scrolls of brand weapon
 l - a scroll of amnesia
 q - 4 scrolls of teleportation
 v - 4 scrolls of blinking
 B - 5 scrolls of identify
 C - 2 scrolls of magic mapping
 F - 2 scrolls of poison
 G - a scroll of vulnerability
Potions
 a - 2 potions of brilliance
 e - a potion of invisibility
 m - 4 potions of haste
 n - 4 potions of heal wounds
 p - 10 potions of curing
 t - 2 potions of cancellation
 A - 6 potions of magic
 H - a potion of resistance


   Skills:
 + Level 12.3 Fighting
 * Level 16.4 Axes
 * Level 16.7 Armour
 - Level 3.6 Shields


You had 11 spell levels left.
You didn't know any spells.
Your spell library contained the following spells:

 Spells                   Type           Power      Damage    Failure   Level
 Summon Small Mammal      Summ           0%         N/A       100%        1
 Cigotuvi's Dreadful Rot  Necr/Pois/Air  0%         N/A       100%        2
 Call Canine Familiar     Summ           0%         N/A       100%        3
 Dazzling Flash           Conj/Hex       0%         N/A       100%        3
 Gell's Gravitas          Tloc           0%         N/A       100%        3
 Ignite Poison            Fire/Tmut/Pois 0%         N/A       100%        3
 Kindle Blastsparks       Fire/Tloc/Air  0%         2d10      100%        3
 Lesser Beckoning         Tloc           0%         N/A       100%        3
 Summon Guardian Golem    Hex/Summ       0%         N/A       100%        3
 Teleport Other           Tloc           0%         N/A       100%        3
 Dispel Undead            Necr           0%         3d6       100%        4
 Agony                    Necr           0%         N/A       100%        5
 Freezing Cloud           Conj/Ice/Air   0%         6-21      100%        5
 Silence                  Hex/Air        0%         N/A       100%        5
 Yara's Violent Unravell  Hex/Tmut       0%         3d3       100%        5
 Death Channel            Necr           0%         N/A       100%        6
 Enfeeble                 Hex            0%         N/A       100%        7


Dungeon Overview and Level Annotations

Branches:
Dungeon (12/15)            Temple (1/1) D:6            Lair (0/5) D:9
    Orc (2/2) D:11        Ossuary (visited)         Volcano (visited)
    Elf: Orc:2

Altars:
Ashenzari
Cheibriados
Dithmenos
Elyvilon
Fedhas
Gozag
Hepliaklqana
Kikubaaqudgha
Makhleb
Nemelex Xobeh
Okawaru
Qazlal
Ru
Sif Muna
Trog
Uskayaw
Vehumet
Wu Jian
Xom
Yredelemnul
Zin
The Shining One

Shops:
D:3 [   D:4 !   D:5 :*   D:9 (   Orc:2 **=*

Portals:
Trove: D:12 (give 8 scrolls of blinking)

Annotations:
D:10 exclusion: statue


Innate Abilities, Weirdness & Mutations

You have a pair of horns on your head.
You reflexively headbutt those who attack you in melee.
Your spells are a little harder to cast, but a little more powerful.


Message History

You barely miss something. You slash the ogre! You block the ogre's attack.
The ogre enters a dispersal trap!
The ogre blinks!
The troll blinks!
The ogre blinks!
The two-headed ogre blinks!
You blink.
An ogre comes into view. It is wielding a +0 giant club.
Found Umiec's Assorted Antiques and Honoben's Jewellery Emporium.
The ogre blinks!
A two-headed ogre comes into view.
It is wielding a +0 giant spiked club and a +0 giant club.
The two-headed ogre hits you with a +0 giant club!
The two-headed ogre hits you with a +0 giant spiked club!
Something hits you but does no damage.
The ogre shouts!
You barely miss the two-headed ogre.
The two-headed ogre shouts in stereo!
You slash something!
You hear two shouts!
The two-headed ogre enters a dispersal trap!
The two-headed ogre blinks!
The ogre blinks!
The two-headed ogre blinks!
The ogre blinks! x3; You blink.
The two-headed ogre blinks!
You block the two-headed ogre's attack.
The two-headed ogre hits you with a +0 giant spiked club!!
You hit the two-headed ogre but do no damage.
You headbutt the two-headed ogre.
The two-headed ogre is lightly wounded.
You slash the ogre!
The ogre hits you with a +0 giant spiked club!!
The two-headed ogre hits you with a +0 giant club! x2
* * * LOW HITPOINT WARNING * * *
You hear some strange, mumbled words.
You suddenly lose the ability to move!
The two-headed ogre hits you but does no damage. x2
The ogre hits you with a +0 giant club!
* * * LOW HITPOINT WARNING * * *
The ogre hits you with a +0 giant spiked club.
* * * LOW HITPOINT WARNING * * *
The ogre hits you with a +0 giant club.
* * * LOW HITPOINT WARNING * * *
The two-headed ogre hits you with a +0 giant club!
* * * LOW HITPOINT WARNING * * *
The two-headed ogre hits you with a +0 giant club!
You die...

###....# #.## ###.....##
### .##.....########
####### ........#.......
...... .......#.)......
.....
...##.#...########..######
... ###..####............#
#. #..##...............
#.)#....OO@.........
#...T....OOO∩∩......
#...........∩∩......
#..#.....^..........
#..##...............
....####............#
...... ######.O######
.T$.... ...O. ........
......


You could see 3 two-headed ogres, a troll and 4 ogres.

Vanquished Creatures
  Gastronok (D:8)
  A fire dragon (Volcano)
  Snorg (D:11)
  Josephine (D:11)
  7 two-headed ogres
  A boulder beetle (D:11)
  Pikel (D:6)
  An ugly thing (D:11)
  2 orc knights (Orc:2)
  4 lindwurms (Volcano)
  2 cyclopes
  Maurice (D:8)
  2 kobold demonologists (D:9)
  2 smoke demons (Volcano)
  Prince Ribbit (D:5)
  6 trolls
  Grinder (D:6)
  3 hornets
  Sigmund (D:4)
  4 wraiths (D:11)
  A vampire (D:12)
  9 yaks (D:9)
  A steam dragon (Volcano)
  3 vampire mosquitoes (D:8)
  Edmund (D:6)
  4 acid dragons
  3 wargs
  4 hell hounds
  2 water moccasins
  12 orc warriors
  3 black bears
  A sky beast (D:8)
  A centaur (D:8)
  8 ogres
  2 lemures (D:6)
  A phantom (D:6)
  3 kobold brigands
  Blork the orc (D:5)
  2 bullfrogs
  3 necrophages
  4 scorpions
  2 gnoll sergeants
  4 wights (D:9)
  4 killer bees (D:10)
  A howler monkey (D:9)
  2 centaur zombies (Ossuary)
  7 hounds
  A jelly (D:5)
  A gnoll bouda (D:7)
  7 orc priests
  19 orc wizards
  Natasha (thrice) (D:4)
  5 iguanas
  2 mummies (Ossuary)
  17 gnolls
  5 adders
  A shadow imp (D:6)
  3 ufetubi
  5 adder zombies (Ossuary)
  2 worms
  7 dart slugs
  64 orcs
  6 ball pythons
  5 endoplasms
  12 giant cockroaches
  9 goblins
  4 hobgoblins
  8 jackals
  4 quokkas
  2 bats
  A frilled lizard (D:1)
  3 goblin zombies (Ossuary)
  6 hobgoblin zombies (Ossuary)
  10 kobolds
  8 kobold zombies (Ossuary)
  10 orc zombies (Ossuary)
  2 rats (D:1)
  2 rat zombies (Ossuary)
366 creatures vanquished.

Notes
Turn   | Place    | Note
-------+----------+-------------------------------------------
     0 | D:1      | Citaku the Minotaur Fighter began the quest for the Orb.
     0 | D:1      | Reached XP level 1. HP: 19/19 MP: 0/0
   147 | D:1      | Reached XP level 2. HP: 19/27 MP: 1/1
   371 | D:1      | Reached XP level 3. HP: 25/33 MP: 2/2
   733 | D:2      | You fall into a shaft and drop 2 floors!
   847 | D:3      | Reached XP level 4. HP: 40/40 MP: 3/3
   853 | D:3      | Found a shadowy altar of Dithmenos.
   862 | D:3      | Found Ismyc's Antique Armour Shop.
  1004 | D:3      | Found a shimmering blue altar of Sif Muna.
  1138 | D:3      | Reached skill level 5 in Armour
  1269 | D:3      | Noticed a bullfrog
  1277 | D:3      | Killed a bullfrog
  1278 | D:3      | Reached XP level 5. HP: 35/47 MP: 4/4
  1429 | D:3      | Found a snail-covered altar of Cheibriados.
  2372 | D:4      | Found Ihidud's Distillery.
  2382 | D:4      | Reached skill level 5 in Axes
  2382 | D:4      | Reached XP level 6. HP: 41/55 MP: 5/5
  2471 | D:4      | Noticed Natasha
  2482 | D:4      | Killed Natasha
  2483 | D:4      | Reached skill level 5 in Fighting
  2499 | D:4      | Noticed Natasha
  2510 | D:4      | Killed Natasha
  2613 | D:4      | Noticed Sigmund
  2624 | D:4      | Killed Sigmund
  2625 | D:4      | Reached XP level 7. HP: 41/61 MP: 6/6
  2719 | D:4      | Identified the ring of Ybanamit {Will+ EV+5 Dex+4}
  2761 | D:4      | Noticed Natasha
  2768 | D:4      | Killed Natasha
  3096 | D:5      | Entered Level 5 of the Dungeon
  3096 | D:5      | Found Koirch's Lightly-Used Armoury.
  3107 | D:5      | Bought a -2 executioner's axe for 1 gold piece
  3118 | D:5      | Noticed Blork the orc
  3128 | D:5      | Killed Blork the orc
  3493 | D:5      | Identified the +2 cloak of Defence {Dex+4}
  3524 | D:5      | Reached XP level 8. HP: 69/70 MP: 7/7
  3534 | D:5      | Found Ronwoga's Book Shoppe.
  3650 | D:5      | Noticed Prince Ribbit
  3675 | D:5      | Killed Prince Ribbit
  3924 | D:5      | Found a sparkling altar of Nemelex Xobeh.
  3924 | D:5      | Found a hazy altar of Hepliaklqana.
  4422 | D:6      | Noticed Pikel
  4442 | D:6      | Killed Pikel
  4443 | D:6      | Reached XP level 9. HP: 77/79 MP: 8/8
  4484 | D:6      | Noticed a cyclops
  4489 | D:6      | Killed a cyclops
  4490 | D:6      | Reached skill level 10 in Armour
  4605 | D:6      | Reached skill level 10 in Axes
  4633 | D:6      | Found a sacrificial altar of Ru.
  4782 | D:6      | Found a sand-covered staircase.
  4793 | Ossuary  | Entered an ossuary
  5024 | D:6      | Noticed Edmund
  5029 | D:6      | Killed Edmund
  5477 | D:6      | Found a staircase to the Ecumenical Temple.
  5606 | D:6      | Noticed Grinder
  5615 | D:6      | Killed Grinder
  5822 | Temple   | Entered the Ecumenical Temple
  6144 | Temple   | Became a worshipper of Ashenzari the Shackled
  6466 | D:7      | Gained mutation: You do not regenerate when monsters are
                  | visible. [potion of mutation]
  6467 | D:7      | Lost mutation: You do not regenerate when monsters are
                  | visible. [potion of mutation]
  6467 | D:7      | Gained mutation: Your spells are a little harder to cast,
                  | but a little more powerful. [potion of mutation]
  6641 | D:7      | Reached XP level 10. HP: 90/90 MP: 9/9
  7195 | D:8      | Noticed Gastronok
  7209 | D:8      | Killed Gastronok
  7420 | D:8      | Noticed Maurice
  7429 | D:8      | Killed Maurice
  7735 | D:9      | Found Enev's Weapon Shop.
  7767 | D:9      | Found a staircase to the Lair.
  7914 | D:9      | Reached XP level 11. HP: 88/99 MP: 10/10
  8014 | D:9      | Found a glowing silver altar of Zin.
  8050 | D:9      | Reached skill level 10 in Fighting
  8671 | D:10     | Entered Level 10 of the Dungeon
  8723 | D:10     | Paralysed by a hornet for 3 turns
  8946 | D:10     | Found a radiant altar of Vehumet.
  9138 | D:10     | Found a basalt altar of Yredelemnul.
  9527 | D:10     | Noticed a two-headed ogre
  9534 | D:10     | Killed a two-headed ogre
  9708 | D:11     | Noticed a purple ugly thing
  9720 | D:11     | Killed a purple ugly thing
 10007 | D:11     | Found a staircase to the Orcish Mines.
 10158 | D:11     | Noticed Snorg
 10166 | D:11     | Killed Snorg
 10188 | D:11     | Noticed a boulder beetle
 10193 | D:11     | Killed a boulder beetle
 10729 | D:11     | Noticed Josephine
 10735 | D:11     | Killed Josephine
 11199 | D:12     | Noticed a two-headed ogre
 11207 | D:12     | Killed a two-headed ogre
 11208 | D:12     | Reached skill level 15 in Armour
 11794 | D:12     | Found a portal to a secret trove of treasure.
 11890 | D:12     | Reached XP level 12. HP: 95/110 MP: 11/11
 11967 | D:12     | Identified the +4 ring mail of Distant Shores {SInv}
 12438 | Orc:1    | Entered Level 1 of the Orcish Mines
 12729 | Orc:1    | Reached skill level 15 in Axes
 12977 | Orc:2    | Entered Level 2 of the Orcish Mines
 13347 | Orc:2    | Found a dark tunnel.
 13550 | Orc:2    | Noticed a two-headed ogre
 13550 | Orc:2    | Noticed a two-headed ogre
 13550 | Orc:2    | Noticed a two-headed ogre
 13551 | Orc:2    | Noticed a two-headed ogre
 13575 | Orc:2    | Killed a two-headed ogre
 13583 | Orc:2    | Killed a two-headed ogre
 13584 | Orc:2    | Killed a two-headed ogre
 13700 | Volcano  | Entered a volcano
 14092 | Volcano  | Noticed a fire dragon
 14102 | Volcano  | Killed a fire dragon
 14246 | Orc:2    | Killed a two-headed ogre
 14260 | Orc:2    | Noticed a two-headed ogre
 14264 | Orc:2    | Killed a two-headed ogre
 14271 | Orc:2    | Noticed an ogre mage
 14278 | Orc:2    | Found Ecua's General Store.
 14278 | Orc:2    | Found Fiuniy's Assorted Antiques.
 14279 | Orc:2    | Found Umiec's Assorted Antiques.
 14279 | Orc:2    | Found Honoben's Jewellery Emporium.
 14279 | Orc:2    | Noticed a two-headed ogre
 14279 | Orc:2    | Noticed a two-headed ogre
 14279 | Orc:2    | Noticed a two-headed ogre
 14283 | Orc:2    | Paralysed by something for 4 turns
 14285 | Orc:2    | HP: 4/113 [two-headed ogre/+0 giant club (7)]
 14285 | Orc:2    | Mangled by a two-headed ogre

Illustrated notes

Levels and vault maps discovered:
D:1:      lemuel_arrival_rhombus, layout_rooms
D:2:      minmay_roachtagon, layout_basic
D:3:      layout_loops_ring, led_sif_book, lemuel_tele_altar,
          mainiacjoe_overflow_alcove_1, serial_shops,
          nicolae_shop_overgrown_old_shop
D:4:      layout_rooms, serial_shops, nicolae_shop_statue_plus, uniq_sigmund,
          uniq_natasha
D:5:      layout_loops_ring, mainiacjoe_overflow_divided_tiny, serial_shops,
          shop, minmay_shop_damaged, uniq_prince_ribbit1, uniq_blork_the_orc
D:6:      layout_layer_cave, mainiacjoe_overflow_catwalk,
          minmay_temple_entry_enclosed_plants, enter_ossuary_1,
          minmay_small_thing, uniq_pikel, uniq_grinder, uniq_edmund
D:7:      layout_basic, chequers_serial_rivers_marsh, minmay_statues_item
D:8:      layout_rooms, uniq_gastronok, uniq_maurice
D:9:      layout_stronghold, mainiacjoe_overflow_tiny_flanked, lair_entry_dummy,
          serial_shops, nicolae_shop_bloodbath_and_beyond, minivault_22
D:10:     layout_grid_maze, vehumet_statue, mainiacjoe_overflow_six_doors_small
D:11:     layout_grid_maze, erik_orc_3, uniq_josephine, uniq_snorg
D:12:     layout_grid_maze, nicolae_trove_entry_diagonal
Temple:   compressed_dpeg_triangle_lava_temple
Orc:1:    layout_caves, guppyfry_library_mini
Orc:2:    st_orc_ogre_mass, layout_diamond_mine, enter_volcano_3, uniq_donald

Skill      XL: |  1  2  3  4  5  6  7  8  9 10 11 12 |
---------------+-------------------------------------+-----
Axes           | 3 4 5 6 7 9 11 12 14 16 | 16.4
Armour         | 4 5 6 7 9 11 13 15 16 | 16.7
Fighting       | 4 5 6 7 8 9 11 12 | 12.3
Shields        | |  3.6

Action                   |  1- 3 |  4- 6 |  7- 9 | 10-12 || total
-------------------------+-------+-------+-------+-------++-------
Melee: War axe           |    80 |    98 |   199 |   330 ||   707
       Headbutt          |    10 |    11 |    31 |    63 ||   115
       Hand axe          |       |       |    12 |       ||    12
  Use: Potion            |       |     1 |    13 |     7 ||    21
       Scroll            |       |       |    13 |    12 ||    25
Armor: Scale mail        |    51 |    41 |    28 |       ||   120
       Plate armour      |       |       |    78 |   168 ||   246
Dodge: Dodged            |    45 |    29 |    83 |   157 ||   314
Block: Buckler           |    19 |    10 |       |       ||    29
       Kite shield       |       |    22 |   116 |   277 ||   415

Table legend: (Time is in decaauts)
 A = Elapsed time spent in this place.
 B = Non-inter-level travel time spent in this place.
 C = Inter-level travel time spent in this place.
 D = Time resting spent in this place.
 E = Time spent auto-exploring this place.
 F = Levels seen in this place.
 G = Mean time per level.
                   A        B        C        D        E       F      G
               +--------+--------+--------+--------+--------+-----+--------+
         Total |  14601 |  14561 |     40 |    677 |   9809 |  17 |  858.9 |
       Dungeon |  12157 |  12117 |     40 |    542 |   8334 |  12 | 1013.1 |
        Temple |    345 |    345 |      0 |      0 |    264 |   1 |  345.0 |
  Orcish Mines |   1326 |   1326 |      0 |    135 |    801 |   2 |  663.0 |
       Ossuary |    243 |    243 |      0 |      0 |     98 |   1 |  243.0 |
       Volcano |    529 |    529 |      0 |      0 |    312 |   1 |  529.0 |
               +--------+--------+--------+--------+--------+-----+--------+

Top non-repeatable levels by time:
     D:6: 1499 daAuts
    D:11: 1399 daAuts
    D:12: 1350 daAuts
     D:5: 1114 daAuts
    D:10: 1047 daAuts
     D:3: 1032 daAuts
     D:9: 982 daAuts
     D:7: 943 daAuts
     D:2: 791 daAuts
   Orc:2: 780 daAuts
     D:4: 762 daAuts
     D:8: 649 daAuts
     D:1: 583 daAuts
   Orc:1: 545 daAuts
 Volcano: 529 daAuts
